 Dungeon Crawl Stone Soup version 0.31-a0-1068-g5939ac1fb6 (webtiles) character file.

Game seed: 922691053309609204

95 Azuregosa the Sneak (level 4, -2/35 HPs)
             Began as an Octopode Delver on Nov 24, 2023.
             Slain by a river rat (8 damage)
             ... in a sewer.
             The game lasted 00:02:58 (399 turns).

Azuregosa the Sneak (Octopode Delver)                Turns: 399, Time: 00:03:00

Health: -2/35      AC:  1    Str: 11    XL:     4   Next: 65%
Magic:  4/4        EV: 13    Int: 14    God:
Gold:   0          SH:  0    Dex: 13    Spells: 3/3 levels left

rFire   . .          .
                       - Unarmed
rCold   . . .        (no shield)
rNeg    . . .        (helmet restricted)
rPois   .            (no amulet)
rElec   .            (no ring)
rCorr   .            (no ring)
SInv    .            (no ring)
Will    .....        (no ring)
Stlth   ++++         (no ring)
HPRegen 0.25/turn    (no ring)
MPRegen 0.09/turn    (no ring)
                     (no ring)

%: no passive effects
@: no status effects
A: almost no armour, amphibious, 8 rings, camouflage 1, gelatinous body 1,
(nimble swimmer 1), tentacles
a: no special abilities


You were in a sewer.
You visited 1 branch of the dungeon, and saw 2 of its levels.
You also visited: Sewer.

Inventory:

Wands
 e - a wand of digging (2)
Scrolls
 a - a scroll of fog
 b - a scroll of immolation {unknown}
Potions
 d - a potion of haste


   Skills:
 + Level 5.2 Fighting
 - Level 2.0 Dodging
 - Level 6.6 Stealth
 - Level 2.0 Unarmed Combat


You had 3 spell levels left.
You didn't know any spells.
Your spell library was empty.

Dungeon Overview and Level Annotations

Branches:
Dungeon (6/15)              Sewer (1/1)
 Temple: D:4-7

Altars:

Annotations:
D:5 1 runed translucent door


Innate Abilities, Weirdness & Mutations

You cannot wear most types of armour.
You are amphibious.
You can wear up to eight rings at the same time.
Your skin changes colour to match your surroundings (Stealth+).
Your rubbery body absorbs attacks. (AC +1, EV +1)
((You are camouflaged when in or above water. (Stealth+)))
You have tentacles for arms and can constrict up to eight enemies at once.


Message History

You constrict the river rat.
You feel sick. The adder misses you. The river rat barely misses you.
The river rat bites you but does no damage.
Your Fighting skill increases to level 5!
You tentacle-slap the adder. You grab the adder. Your squeeze misses the adder.
The adder is lightly wounded.
You constrict the river rat, but do no damage.
You constrict the adder.
You feel sick. The adder closely misses you. The river rat misses you.
The river rat barely misses you.
You tentacle-slap the adder.
The adder is heavily wounded.
You constrict the river rat. You constrict the adder.
You feel sick.
You are no longer poisoned.
The adder misses you. The river rat closely misses you.
The river rat barely misses you. The adder barely misses you.
You tentacle-slap the adder.
The adder is almost dead.
You constrict the river rat. You constrict the adder.
You kill the adder!
The river rat barely misses you. The river rat closely misses you.
You tentacle-slap the river rat.
You kill the river rat!
The river rat misses you. The rat misses you.
You tentacle-slap the river rat. You grab the river rat.
The river rat is moderately wounded.
You constrict the river rat, but do no damage.
The rat closely misses you. The rat misses you.
The river rat barely misses you.
You tentacle-slap the rat.
You kill the rat!
You constrict the river rat, but do no damage.
The rat closely misses you. The rat misses you.
The river rat barely misses you.
You tentacle-slap the rat but do no damage.
You grab the rat. You squeeze the rat.
You kill the rat!
You constrict the river rat. The rat bites you.
* * * LOW HITPOINT WARNING * * *
The river rat bites you!
You die...

#≈~≈≈≈≈#
#≈≈≈~≈≈#
#≈~≈≈≈≈#
#≈≈~≈≈≈#
#≈≈~≈≈≈#
#≈≈~≈≈≈#
#≈≈~≈≈≈#
#≈≈~≈≈≈#
#≈≈≈~≈≈#
#≈≈~≈≈≈#
#≈≈≈~≈≈#
#≈≈≈~≈≈#
#≈≈≈~≈≈#
#≈≈≈~≈≈#
#.~...##
#.~.~~.#
#..†@..#
#...†..#
#..rrr†##
#..∩∩..#
#.......#
#......#
........##
##....##
......l##
######
..##### #


You could see a river rat, a frilled lizard (asleep) and 2 rats.

Vanquished Creatures
  A hound (D:6)
  3 adders
  2 river rats (Sewer)
  A worm (D:5)
  A giant cockroach (D:5)
  2 quokkas (D:5)
  A ball python (Sewer)
  15 rats
26 creatures vanquished.

Notes
Turn   | Place    | Note
-------+----------+-------------------------------------------
     0 | D:5      | Azuregosa the Octopode Delver began the quest for the Orb.
     0 | D:5      | Reached XP level 1. HP: 16/16 MP: 1/1
     0 | D:5      | Found a runed translucent door.
     7 | D:6      | Noticed a water moccasin
     7 | D:6      | Noticed a wyvern
    90 | D:6      | Noticed a hound
   104 | D:6      | Killed a hound
   105 | D:6      | Reached XP level 2. HP: 12/22 MP: 2/2
   105 | D:6      | Reached XP level 3. HP: 15/27 MP: 3/3
   169 | D:5      | Found a glowing drain.
   199 | Sewer    | Entered a sewer
   338 | Sewer    | Reached XP level 4. HP: 34/34 MP: 4/4
   393 | Sewer    | Reached skill level 5 in Fighting
   399 | Sewer    | Slain by a river rat

Illustrated notes

Levels and vault maps discovered:
D:5:      layout_rooms, minitemple, gup_sewer_entry_spiral,
          hangedman_abyss_or_decor_lesser_grid, uniq_crazy_yiuf_cottage,
          uniq_ijyb
D:6:      layout_basic, fedhas_ov_isle_minmay, minmay_temple_entry_antechambers
Sewer:    sewer_minmay_w

Skill      XL: |  1  2  3  4 |
---------------+-------------+-----
Fighting       | 4 5 |  5.2
Dodging        | |  2.0
Stealth        | |  6.6
Unarmed Combat | |  2.0

Action                     |  1- 3 |  4- 6 || total
---------------------------+-------+-------++-------
  Melee: Unarmed           |    29 |    25 ||    54
         Tentacles         |     7 |     2 ||     9
         Constrict         |    10 |     7 ||    17
         Punch             |     1 |       ||     1
  Evoke: Wand              |     1 |       ||     1
    Use: Scroll            |     2 |       ||     2
   Stab: Sleeping          |     4 |     1 ||     5
         Distracted        |     1 |       ||     1
 Armour: Skin              |    14 |    16 ||    30
  Dodge: Dodged            |    15 |    40 ||    55

Table legend: (Time is in decaauts)
 A = Elapsed time spent in this place.
 B = Non-inter-level travel time spent in this place.
 C = Inter-level travel time spent in this place.
 D = Time resting spent in this place.
 E = Time spent auto-exploring this place.
 F = Levels seen in this place.
 G = Mean time per level.
                   A        B        C        D        E       F      G
               +--------+--------+--------+--------+--------+-----+--------+
         Total |    397 |    397 |      0 |    139 |      0 |   3 |  132.3 |
       Dungeon |    198 |    198 |      0 |    109 |      0 |   2 |   99.0 |
         Sewer |    199 |    199 |      0 |     30 |      0 |   1 |  199.0 |
               +--------+--------+--------+--------+--------+-----+--------+

Top non-repeatable levels by time:
   Sewer: 199 daAuts
     D:6: 150 daAuts
     D:5: 48 daAuts
